 Dungeon Crawl Stone Soup version 0.20-a0-681-gf83e07f (webtiles) character file.

109 shpingle the Ruffian (level 4, -5/44 HPs)
             Began as a Troll Chaos Knight on Feb 19, 2017.
             Slain by a chaos spawn (11 damage)
             ... summoned by Xom
             ... on level 3 of the Dungeon.
             The game lasted 00:05:02 (2089 turns).

shpingle the Ruffian (Troll Chaos Knight)           Turns: 2089, Time: 00:05:02

Health: -5/44      AC:  8    Str: 20      XL:     4   Next: 60%
Magic:  3/3        EV: 10    Int: 11      God:    Xom [......]
Gold:   172        SH:  0    Dex:  7 (8)  Spells: 3/3 levels left

rFire    . . .     SeeInvis .     - Unarmed
rCold    . . .     Gourm    +   a - +2 robe
rNeg     . . .     Faith    .   (no shield)
rPois    .         Spirit   .   (helmet restricted)
rElec    .         Reflect  .   t - +0 cloak
rCorr    .         Harm     .   (gloves unavailable)
MR       .....     Rnd*Tele +   (boots unavailable)
Stlth    +.........             m - amulet of inaccuracy (curse)
Regen    0.6/turn               i - ring of teleportation (curse)
MPRegen  0.1/turn               f - +3 ring of intelligence

@: about to teleport, very slightly contaminated, invisible
A: unfitting armour, claws 3, clumsy 1, fast metabolism 3, gourmand,
regeneration 1, shaggy fur 1, tough skin 2
a: Renounce Religion


You were on level 3 of the Dungeon.
You worshipped Xom.
You were a very special plaything of Xom.
You were very full.

You visited 1 branch of the dungeon, and saw 3 of its levels.

You collected 172 gold pieces.

Inventory:

Missiles
 e - 106 stones (quivered)
 h - 20 poisoned needles
 q - 2 tomahawks
Armour
 a - a +2 robe (worn)
 t - a +0 cloak (worn)
Jewellery
 f - a +3 ring of intelligence (left claw)
 i - a cursed ring of teleportation (right claw)
 m - a cursed amulet of inaccuracy (around neck)
Scrolls
 g - 2 scrolls of teleportation
 o - a scroll of identify {unknown}
 u - a scroll of magic mapping {unknown}
Potions
 c - a potion of berserk rage {unknown}
Comestibles
 b - 2 bread rations
 r - a meat ration
 s - a royal jelly


   Skills:
 - Level 2.4 Fighting
 + Level 1.0 Throwing
 + Level 1.2 Armour
 * Level 2.9 Dodging
 * Level 3.9 Unarmed Combat


You had 3 spell levels left.
You didn't know any spells.

Dungeon Overview and Level Annotations

Branches:
Dungeon (3/15)

Altars:
Xom
Zin
The Shining One


Innate Abilities, Weirdness & Mutations

You are too large for most types of armour.
You have claws for hands.
Your metabolism is lightning-fast.
You like to eat raw meat.
Your natural rate of healing is unusually fast.
You are covered in fur. (AC +1)
You have very tough skin. (AC +2)
You are clumsy. (Dex -2)


Message History

The quasit barely misses you.
The quasit claws you but does no damage.
The chaos spawn misses you.
You scratch the chaos spawn.
The chaos spawn is lightly wounded.
The quasit bites you but does no damage.
The quasit claws you.
You feel clumsy. The quasit closely misses you. The chaos spawn hits you!!
* * * LOW HITPOINT WARNING * * *
You fade into invisibility!
You are very lightly contaminated with residual magic.
The quasit bites you but does no damage.
The quasit barely misses you. The quasit closely misses you.
You scratch the chaos spawn.
The chaos spawn is moderately wounded.
The chaos spawn hits you!
* * * LOW HITPOINT WARNING * * *
You are engulfed in flames!
You die...

#............# #.#.....###.╬.##
#............+ #.#.....###...#
#............####.#......##+.##
#.....###.((......#...........#
#.....#####....####...........#
#...........(....##...........#
#................##.........†.#
#.......((.......######.......#
####.......[..4@.# #.......#
#....(.(....5↑# #.......#
#......(......# #....>..+
#.............# #.......#
#.............# #.......#
#....£........# #.......#
#....↑........# #.............#
#.............#


You could see a chaos spawn and a quasit.

Vanquished Creatures
  5 adders
  A dart slug (D:2)
  5 orcs
  3 bats
  3 giant cockroaches
  6 goblins
  10 hobgoblins
  3 jackals (D:3)
  A quokka (D:3)
  A ball python (D:3)
  5 frilled lizards
  7 kobolds
  7 rats
57 creatures vanquished.

Notes
Turn   | Place    | Note
-------+----------+-------------------------------------------
     0 | D:1      | shpingle the Troll Chaos Knight began the quest for the Orb.
     0 | D:1      | Reached XP level 1. HP: 22/22 MP: 0/0
   300 | D:1      | XOM: divination: magic mapping
   447 | D:1      | XOM: mild Tmut miscast
   513 | D:1      | Reached XP level 2. HP: 29/29 MP: 1/1
   587 | D:1      | XOM: god gift: scroll labeled FOL UH JEWAKE {god gift}
   838 | D:1      | XOM: medium Summ miscast
   839 | D:1      | Noticed a hellwing
   904 | D:1      | XOM: 9-stop teleportation journey
  1195 | D:2      | Reached XP level 3. HP: 30/36 MP: 2/2
  1290 | D:2      | XOM: god gift: crooked smoking staff {god gift}
  1300 | D:2      | Found a glowing silver altar of Zin.
  1439 | D:2      | Reached XP level 4. HP: 44/44 MP: 3/3
  1610 | D:2      | XOM: cast spell 'Summon Butterflies'
  1745 | D:3      | Found a glowing golden altar of the Shining One.
  1869 | D:3      | XOM: scenery: create altars
  2072 | D:3      | XOM: swap monsters
  2074 | D:3      | XOM: confuse monster(s)
  2075 | D:3      | XOM: give mutation
  2075 | D:3      | Gained mutation: You are clumsy. (Dex -2) [Xom's mischief]
  2080 | D:3      | XOM: summons 2 hostile demons
  2081 | D:3      | Noticed a chaos spawn
  2089 | D:3      | Slain by a chaos spawn

Vault maps used:
D:1:      dpeg_arrival_oval, kennysheep_minor_cross
D:2:      lemuel_doored_altar, guppyfry_early_orc_mine
D:3:      tso_metal_star, minmay_misc_feat_encased

Skill      XL: |  1  2  3  4 |
---------------+-------------+-----
Dodging        | 2 |  2.9
Armour         | 1 |  1.2
Throwing       | 1 |  1.0
Fighting       | |  2.4
Unarmed Combat | |  3.9

Action                   |  1- 3 |  4- 6 || total
-------------------------+-------+-------++-------
Melee: Unarmed           |   124 |    70 ||   194
       Punch             |     1 |     2 ||     3
Throw: Stone             |     1 |    19 ||    20
  Use: Scroll            |     5 |       ||     5
  Eat: Chunk             |    19 |     4 ||    23
Armor: Robe              |    43 |    41 ||    84
Dodge: Dodged            |    68 |    48 ||   116
